Map: Newkirk Precinct TE (Void)

Players

Mario - Winner!

  • Race: Terran Terran
  • League: Diamond
  • Spawn Location: 5:00

Furys

  • Race: Protoss Protoss
  • League: Diamond
  • Spawn Location: 7:00

VOD

Have the link to the VOD?

Description

Time

  • Played on: Nov. 30, 2016, 10:53 a.m.
  • Length: 11:28
Show
View Real Time Build Order
Export as new Build Order

Mario Terran - Winner!

Build Orders: MMM Bio 

Get SALT Encoding   

  12  0:00  SCV  
  13  0:13  SCV  
  14  0:18  Supply Depot  
  14  0:25  SCV  
  15  0:40  SCV  
  15  0:41  Barracks  
  16  0:46  Refinery  
  16  0:52  SCV  
  17  1:04  SCV  
  18  1:16  SCV  
  19  1:28  SCV  
  20  1:36  Reaper  
  21  1:41  Orbital Command  
  21  1:48  Command Center  
  21  1:58  Barracks  
  21  2:05  Refinery  
  21  2:08  SCV  
  22  2:11  Barracks Reactor  
  22  2:17  Supply Depot  
  22  2:20  SCV  
  23  2:32  Factory  
  22  2:47  Bunker  
  22  2:48  Marine x2  
  22  2:49  Barracks Tech Lab  
  24  2:55  SCV  
  25  3:05  Marine x2  
  25  3:12  Bunker  
  25  3:13  Orbital Command  
  25  3:16  Marine  
  25  3:35  Marine x3  
  25  3:37  Stimpack  
  28  3:42  Starport  
  28  3:45  Factory Reactor  
  28  3:57  Marine x2, Marauder  
  32  4:09  Bunker  
  32  4:12  Engineering Bay  
  32  4:33  Marine x2, Marauder  
  32  4:36  Factory Reactor  
  36  4:48  Orbital Command  
  34  5:05  Medivac x2  
  34  5:06  Marine  
  34  5:07  Marine  
  39  5:09  Marauder  
  42  5:15  SCV x2  
  42  5:18  Missile Turret  
  44  5:24  Marine  
  44  5:27  Terran Infantry Weapons Level 1  
  45  5:34  Marine, Missile Turret  
  46  5:38  Combat Shields  
  46  5:51  Supply Depot  
  46  5:52  Marine  
  46  5:59  SCV  
  46  6:07  Marine  
  46  6:08  Marine  
  46  6:12  Marine, SCV  
  43  6:45  Marine x2  
  43  6:46  Marauder  
  47  6:47  SCV  
  47  6:48  SCV  
  49  6:59  SCV  
  49  7:00  SCV  
  41  7:03  Marine x2  
  41  7:05  Medivac x2  
  41  7:07  Marauder  
  45  7:19  Widow Mine x2  
  45  7:21  Marine x2  
  51  7:26  Missile Turret  
  51  7:28  Marauder  
  51  7:29  SCV, Missile Turret  
  54  7:45  Barracks  
  54  7:49  Barracks, Starport Tech Lab  
  54  7:51  Barracks  
  54  8:06  Widow Mine x2  
  54  8:07  Marine x3, SCV  
  54  8:09  Supply Depot  
  62  8:14  Supply Depot, Terran Infantry Armor Level 1  
  62  8:15  Concussive Shells  
  62  8:31  SCV x2  
  64  8:38  Supply Depot  
  64  8:43  SCV x2  
  64  8:45  Missile Turret  
  66  8:49  Marine x2  
  66  8:50  Marauder  
  66  8:51  Barracks Tech Lab  
  66  8:53  Barracks Tech Lab  
  70  8:58  Raven  
  72  9:05  Bunker  
  72  9:12  Marauder  
  72  9:13  Marauder  
  76  9:19  Marauder  
  76  9:22  Marine x2  
  76  9:24  Marine  
  81  9:25  Marine  
  81  9:31  Widow Mine x2  
  86  9:47  Supply Depot  
  86  9:48  Supply Depot  
  86  10:08  Marine x7  
  86  10:09  SCV x2, Supply Depot  
  95  10:16  Refinery  
  95  10:18  Refinery  
  95  10:21  SCV  
  96  10:26  Marine x3  
  96  10:27  Marauder  
Show
View Real Time Build Order
Export as new Build Order

Furys Protoss 

Build Orders:  

Get SALT Encoding   

  12  0:01  Probe (Chrono Boost)  
  13  0:13  Pylon  
  13  0:18  Probe (Chrono Boost)  
  14  0:31  Probe (Chrono Boost)  
  15  0:35  Gateway  
  15  0:44  Assimilator  
  15  0:48  Probe (Chrono Boost)  
  16  0:59  Probe (Chrono Boost)  
  17  1:06  Gateway  
  17  1:14  Probe (Chrono Boost)  
  17  1:26  Cybernetics Core  
  17  1:27  Pylon  
  17  1:34  Probe (Chrono Boost)  
  18  1:42  Assimilator  
  18  1:57  Probe (Chrono Boost)  
  19  2:03  Adept x2  
  23  2:09  Mothership Core (Chrono Boost)  
  25  2:19  Warp Gate (Chrono Boost)  
  25  2:30  Adept  
  27  2:44  Probe (Chrono Boost)  
  28  2:56  Nexus  
  28  3:25  Adept  
  30  3:28  Pylon  
  30  3:37  Probe  
  31  3:43  Twilight Council  
  31  3:46  Adept  
  33  3:49  Probe  
  34  4:01  Adept  
  36  4:11  Probe  
  36  4:12  Probe  
  38  4:21  Probe  
  39  4:24  Probe  
  39  4:26  Resonating Glaives  
  40  4:32  Probe, Pylon  
  40  4:36  Probe  
  42  4:40  Gateway  
  38  5:04  Probe (Chrono Boost)  
  38  5:05  Probe (Chrono Boost)  
  38  5:08  Gateway  
  38  5:10  Gateway  
  38  5:11  Dark Shrine  
  38  5:17  Probe (Chrono Boost)  
  38  5:18  Probe (Chrono Boost)  
  40  5:21  Stalker  
  40  5:22  Stalker  
  40  5:28  Probe (Chrono Boost)  
  45  5:30  Probe (Chrono Boost)  
  46  5:38  Probe (Chrono Boost)  
  46  5:42  Probe (Chrono Boost)  
  48  5:49  Probe (Chrono Boost)  
  49  5:50  Gateway  
  49  5:51  Pylon  
  49  5:54  Probe (Chrono Boost)  
  50  5:59  Probe (Chrono Boost)  
  51  6:06  Probe (Chrono Boost)  
  51  6:10  Probe (Chrono Boost)  
  51  6:13  Stalker x3  
  54  6:24  Dark Templar  
  53  6:27  Probe (Chrono Boost)  
  53  6:29  Probe (Chrono Boost)  
  49  6:40  Dark Templar x3  
  49  6:43  Pylon  
  45  7:14  Zealot x3  
  51  7:18  Assimilator  
  51  7:23  Assimilator  
  51  7:29  Pylon  
  51  7:42  Probe (Chrono Boost)  
  51  7:43  Probe (Chrono Boost)  
  53  7:50  Dark Templar  
  53  7:51  Zealot x3  
  57  7:57  Pylon  
  61  8:04  Probe (Chrono Boost)  
  62  8:07  Pylon  
  62  8:15  Stalker x2  
  62  8:16  Stalker, Probe (Chrono Boost)  
  69  8:20  Pylon  
  69  8:22  Blink  
  67  8:42  Probe (Chrono Boost)  
  68  8:50  Robotics Facility  
  68  8:54  Pylon  
  68  8:57  Nexus  
  68  8:59  Dark Templar  
  68  9:00  Dark Templar  
  68  9:01  Zealot x2  
  76  9:03  Archon  
  76  9:18  Pylon  
  76  9:31  Dark Templar x3  
  78  9:32  Dark Templar  
  78  9:35  Archon x2  
  84  9:41  Observer  
  85  9:46  Forge  
  85  9:48  Forge  
  85  9:56  Zealot x2  
  89  10:02  Observer  
  89  10:04  Probe (Chrono Boost)  
  89  10:06  Probe (Chrono Boost)  
  92  10:10  Probe (Chrono Boost)  
  92  10:13  Pylon  
  93  10:15  Probe (Chrono Boost)  
  93  10:18  Probe (Chrono Boost)  
  95  10:25  Observer  
  96  10:32  Zealot x6  
  101  10:53  Zealot x6  
  114  10:57  Probe (Chrono Boost)  
  114  10:58  Probe (Chrono Boost)  
  114  10:59  Probe (Chrono Boost)  
  106  11:07  Probe (Chrono Boost)  
  73  11:14  Zealot x4  
  73  11:15  Zealot x2  
Tags
 
Add a new tag
Caveats
  • Supply blocks, unpowered buildings, or Contaminate may cause inaccurate times.
  • Supply counts are checked every 10 seconds.